 Dungeon Crawl Stone Soup version 0.18.1-50-g88ac8fd (webtiles) character file.

5218 epen the Martial Artist (level 10, -1/82 HPs)
             Began as a Merfolk Monk on Sept 16, 2016.
             Was a Believer of Ru.
             Slain by a black mamba (11 damage)
             ... on level 1 of the Lair of Beasts.
             The game lasted 00:14:52 (10743 turns).

epen the Martial Artist (Merfolk Monk)             Turns: 10743, Time: 00:14:53

Health: -1/82      AC:  3    Str: 11    XL:     10   Next: 61%
Magic:  10/10      EV: 24    Int: 13    God:    Ru [**....]
Gold:   372        SH:  0    Dex: 22    Spells: 0 memorised, 9 levels left

rFire  . . .     SeeInvis .     g - +2 dagger (elec)
rCold  . . .     Gourm    .     C - +1 robe of the Grue {rPois MR- rCorr Dex+5}
rNeg   . . .     Faith    .     (no shield)
rPois  +         Spirit   .     (no helmet)
rElec  .         Dismiss  .     (no cloak)
rCorr  +         Reflect  .     (no gloves)
SustAt .         Harm     .     (no boots)
MR     +....     Clarity  +     (no amulet)
Stlth  ..........               H - ring of protection from magic
                                n - +1 ring of evasion

@: somewhat resistant to hostile enchantments, extremely unstealthy
A: change form in water, swift swim, fangs 1, blink, clarity, magic resistance
1, no stealth, no charms magic, no hexes magic, no poison magic
a: Blink, Renounce Religion


You were on level 1 of the Lair of Beasts.
You worshipped Ru.
Ru was pleased with you.
You were not hungry.

You visited 2 branches of the dungeon, and saw 9 of its levels.

You collected 372 gold pieces.

Inventory:

Hand Weapons
 g - a +2 dagger of electrocution (weapon)
Missiles
 h - 2 throwing nets (quivered)
Armour
 a - a +1 robe
 p - a +0 ring mail
 C - the +1 robe of the Grue (worn) {rPois MR- rCorr Dex+5}
   (You found it on level 7 of the Dungeon)

   It affects your dexterity (+5).
   It protects you from poison.
   It affects your resistance to hostile enchantments.
   It protects you from acid and corrosion.
 E - a +0 leather armour of poison resistance
Jewellery
 n - a +1 ring of evasion (left hand)
 y - a +2 ring of strength
 F - an uncursed ring of resist corrosion
 H - a ring of protection from magic (right hand)
Wands
 j - a wand of digging (11/24)
 m - a wand of confusion (21/48)
 x - a wand of lightning (10/15)
Scrolls
 c - 2 scrolls of fog
 e - a scroll of enchant armour
 i - 3 scrolls of noise
 k - 3 scrolls of recharging
 q - 5 scrolls of remove curse
 r - a scroll of magic mapping
 D - a scroll of fear
Potions
 d - a potion of cancellation
 l - a potion of cure mutation {unknown}
 o - 2 potions of curing
 t - a potion of heal wounds {unknown}
 u - 2 potions of flight
 A - a potion of haste {unknown}
 B - 2 potions of brilliance {unknown}
Books
 z - a book of Geomancy

   Spells                             Type                      Level
   a - Sandblast                      Earth                        1
   b - Passwall                       Transmutation/Earth          2
   c - Stone Arrow                    Conjuration/Earth            3
   d - Petrify                        Transmutation/Earth          4
   e - Lee's Rapid Deconstruction     Earth                        5
Comestibles
 b - 8 bread rations
 f - 7 fruits
 s - a slice of pizza
 v - a meat ration
 w - a royal jelly
 I - 6 beef jerkies


   Skills:
 + Level 8.9 Fighting
 + Level 0.8 Throwing
 + Level 10.9 Dodging
 * Level 12.3 Unarmed Combat


You had 9 spell levels left.
You didn't know any spells.

Dungeon Overview and Level Annotations

Branches:
Dungeon (8/15)             Temple (0/1) D:7            Lair (1/8) D:8

Altars:
Makhleb
Nemelex Xobeh
Pakellas
Qazlal
Ru
Trog
Xom
Yredelemnul

Shops:
D:8 :


Innate Abilities, Weirdness & Mutations

You revert to your normal form in water.
You are very nimble and swift while swimming.
You cannot be stealthy.
You cannot study or cast Charms magic.
You cannot study or cast Hexes magic.
You cannot study or cast Poison magic.
You have very sharp teeth.
You can translocate small distances at will.
You possess an exceptional clarity of mind.
You are resistant to hostile enchantments.


Message History

You feel sick. The black mamba barely misses you. x2
You closely miss the black mamba. You bite the black mamba.
The black mamba is almost dead.
You feel sick. The black mamba bites you!
* * * LOW HITPOINT WARNING * * *
The black mamba bites you but does no damage.
You closely miss the black mamba.
The black mamba is almost dead.
* * * LOW HITPOINT WARNING * * *
You feel sick.
The black mamba bites you but does no damage.
The black mamba barely misses you.
Drink which item? (? for menu, Esc to quit)
You feel better. The black mamba completely misses you.
You hit the black mamba but do no damage.
You punch the black mamba, but do no damage.
Your bite misses the black mamba.
The black mamba is almost dead.
The black mamba bites you!
You die...

#......#
#......#
###.....#
###...#...#
#P....#....#
##....#....#
##...#......#
##....#......#
#.@..##......#
#..S..# #....
##....# ....
....## .....#
#....## ....##
#....


You could see a black mamba.

Vanquished Creatures
  The ghost of Juudaz the Fighter, a novice FoFi of Okawaru (D:5)
  A hill giant (D:8)
  A spiny frog (Lair:1)
  A komodo dragon (D:8)
  Eustachio (D:6)
  A water moccasin (D:8)
  3 sky beasts
  A black bear (D:8)
  7 ogres
  3 centaurs
  2 phantoms
  Blork the orc (D:4)
  A big kobold (D:7)
  5 giant frogs
  2 scorpions
  A water moccasin skeleton (D:8)
  5 killer bees (D:6)
  A jelly (D:8)
  5 crimson imps
  A giant frog skeleton (D:6)
  4 orc priests
  6 hounds
  Natasha (thrice) (D:2)
  6 worker ants
  4 iguanas
  4 orc wizards
  3 hound skeletons
  3 worker ant zombies
  6 gnolls
  10 adders
  A shadow imp (D:6)
  An ooze (D:1)
  An adder skeleton (D:5)
  2 dart slugs
  4 giant geckos
  16 orcs
  9 giant cockroaches
  5 goblins
  8 hobgoblins
  6 jackals
  13 kobolds
  3 quokkas
  3 ball pythons
  8 bats
  A giant gecko skeleton (D:4)
  5 giant newts
  A quokka skeleton (D:6)
  5 rats
185 creatures vanquished.

Vanquished Creatures (others)
  A giant cockroach (D:6)
  A fungus (Lair:1)
  A plant (D:8)
3 creatures vanquished.

Grand Total: 188 creatures vanquished

Notes
Turn   | Place    | Note
--------------------------------------------------------------
     0 | D:1      | epen the Merfolk Monk began the quest for the Orb.
     0 | D:1      | Reached XP level 1. HP: 18/18 MP: 1/1
   163 | D:1      | Reached XP level 2. HP: 24/24 MP: 2/2
   615 | D:1      | Reached XP level 3. HP: 29/29 MP: 3/3
   963 | D:2      | Reached skill level 5 in Unarmed Combat
  1084 | D:2      | Noticed Natasha
  1088 | D:2      | Killed Natasha
  1088 | D:2      | Reached XP level 4. HP: 37/37 MP: 4/4
  1148 | D:2      | Noticed Natasha
  1158 | D:2      | Killed Natasha
  1158 | D:2      | Reached skill level 5 in Dodging
  1433 | D:2      | Reached XP level 5. HP: 29/42 MP: 5/5
  1521 | D:1      | Gained mutation: You can translocate small distances at will. [potion of beneficial mutation]
  1945 | D:2      | Noticed Natasha
  1975 | D:2      | HP: 2/42 [crimson imp[Natasha] (4)]
  1977 | D:2      | Killed Natasha
  2379 | D:2      | Reached skill level 6 in Unarmed Combat
  2523 | D:2      | Gained mutation: You possess an exceptional clarity of mind. [potion of mutation]
  2523 | D:2      | Gained mutation: You are resistant to hostile enchantments. [potion of mutation]
  2523 | D:2      | Gained mutation: You have very sharp teeth. [potion of mutation]
  3257 | D:3      | Reached XP level 6. HP: 48/49 MP: 6/6
  4225 | D:4      | Noticed Blork the orc
  4410 | D:4      | Killed Blork the orc
  4410 | D:4      | Reached skill level 7 in Unarmed Combat
  4410 | D:4      | Reached XP level 7. HP: 33/55 MP: 7/7
  4545 | D:4      | Reached skill level 5 in Fighting
  4919 | D:5      | Entered Level 5 of the Dungeon
  5030 | D:5      | Noticed Juudaz's ghost (novice FoFi)
  5614 | D:5      | Found a burning altar of Makhleb.
  5716 | D:5      | Reached skill level 8 in Unarmed Combat
  5793 | D:5      | Killed Juudaz's ghost
  5793 | D:5      | Reached skill level 9 in Unarmed Combat
  5793 | D:5      | Reached XP level 8. HP: 5/64 MP: 8/8
  6634 | D:6      | Noticed Eustachio
  6809 | D:6      | Killed Eustachio
  6809 | D:6      | Reached XP level 9. HP: 56/71 MP: 9/9
  6893 | D:6      | Reached skill level 10 in Unarmed Combat
  6980 | D:6      | Found a sacrificial altar of Ru.
  6980 | D:6      | Found a stormy altar of Qazlal.
  6981 | D:6      | Found a bloodstained altar of Trog.
  6983 | D:6      | Found a sparkling altar of Nemelex Xobeh.
  6987 | D:6      | Found a basalt altar of Yredelemnul.
  6992 | D:6      | Found a shimmering altar of Xom.
  7009 | D:6      | Became a worshipper of Ru the Awakened
  7022 | D:6      | Gained mutation: You cannot be stealthy. [Ru sacrifice]
  7834 | D:6      | Found a sparkling altar of Nemelex Xobeh.
  8027 | D:7      | Got a heavily jewelled robe
  8038 | D:7      | Identified the +1 robe of the Grue {rPois MR- rCorr Dex+5} (You found it on level 7 of the Dungeon)
  8512 | D:7      | Reached skill level 11 in Unarmed Combat
  8739 | D:7      | Found a staircase to the Ecumenical Temple.
  9047 | D:8      | Reached skill level 10 in Dodging
  9148 | D:8      | Reached XP level 10. HP: 51/80 MP: 10/10
  9396 | D:8      | Noticed a hill giant
  9404 | D:8      | Killed a hill giant
  9519 | D:8      | Found Xesao's Book Shop.
  9620 | D:8      | Found a staircase to the Lair.
  9863 | D:8      | Reached skill level 12 in Unarmed Combat
  9886 | D:8      | HP: 3/82 [orc wizard/dagger (4)]
 10171 | D:8      | Found an oddly glowing altar of Pakellas.
 10691 | Lair:1   | Entered Level 1 of the Lair of Beasts
 10698 | Lair:1   | Noticed a spiny frog
 10707 | Lair:1   | Killed a spiny frog
 10710 | Lair:1   | Gained mutation: You cannot study or cast Poison magic. [Ru sacrifice]
 10710 | Lair:1   | Gained mutation: You cannot study or cast Hexes magic. [Ru sacrifice]
 10710 | Lair:1   | Gained mutation: You cannot study or cast Charms magic. [Ru sacrifice]
 10710 | Lair:1   | Reached * piety under Ru
 10710 | Lair:1   | Reached ** piety under Ru
 10721 | Lair:1   | Noticed a black mamba
 10740 | Lair:1   | HP: 3/82 [black mamba (16)]
 10743 | Lair:1   | Slain by a black mamba

Skill      XL: |  1  2  3  4  5  6  7  8  9 10 |
---------------+-------------------------------+-----
Unarmed Combat | 5 6 7 9 11 12 | 12.3
Fighting       | 4 6 8 |  8.9
Dodging        | 5 6 8 10 | 10.9
Stealth        | 0 |  0.0
Throwing       | |  0.8

Action                   |  1- 3 |  4- 6 |  7- 9 | 10-12 || total
-------------------------+-------+-------+-------+-------++-------
Melee: Unarmed           |    54 |       |       |    18 ||    72
       Punch             |     3 |     6 |    18 |     5 ||    32
       Dagger            |    32 |   241 |   384 |   113 ||   770
       Bite              |       |    15 |    58 |    22 ||    95
Invok: Sacrifice Stealth |       |       |     1 |       ||     1
       Sacrifice Arcana  |       |       |       |     1 ||     1
  Use: Scroll            |       |    11 |     6 |     2 ||    19
       Potion            |       |     3 |     2 |     2 ||     7
 Stab: Sleeping          |     8 |     2 |     1 |       ||    11
  Eat: Chunk             |       |     7 |    15 |     5 ||    27
       Bread ration      |       |     1 |       |       ||     1
Armor: Robe              |    18 |    17 |     4 |     6 ||    45
       Ring mail         |       |    18 |    15 |       ||    33
       Leather armour    |       |       |    21 |       ||    21
Dodge: Dodged            |    78 |   216 |   448 |   121 ||   863
